 Dungeon Crawl Stone Soup version 0.24.0-2-g5b39cebb1c (webtiles) character file.

Game seed: 2851151494221801807, levelgen mode: deterministic

322 Arixos the Sneak (level 6, -1/37 HPs)
             Began as a Deep Elf Assassin on Oct 29, 2019.
             Slain by a wight
             ... wielding a +0 battleaxe
              (7 damage)
             ... on level 4 of the Dungeon.
             The game lasted 00:24:27 (6793 turns).

Arixos the Sneak (Deep Elf Assassin)                Turns: 6793, Time: 00:24:28

Health: -1/37      AC:  3    Str:  8    XL:     6   Next: 22%
Magic:  14/14      EV: 14    Int: 20    God:
Gold:   195        SH:  0    Dex: 16    Spells: 14/14 levels left

rFire    . . .     SeeInvis .   a - +2 dagger
rCold    . . .     Gourm    .   (no shield)
rNeg     . . .     Faith    .   b - +0 robe
rPois    .         Spirit   .   (no helmet)
rElec    .         Reflect  .   c - +0 cloak
rCorr    .         Harm     .   (no gloves)
MR       .....                  (no boots)
Stlth    +++.......             (no amulet)
HPRegen  0.12/turn              s - +2 ring of intelligence
MPRegen  0.14/turn              (no ring)

@: drained
A: no striking features
a: no special abilities


You were on level 4 of the Dungeon.
You were not hungry.

You visited 1 branch of the dungeon, and saw 5 of its levels.

You collected 195 gold pieces.

Inventory:

Hand Weapons
 a - a +2 dagger (weapon)
Missiles
 d - 2 poisoned darts (quivered)
 e - 2 curare-tipped darts
Armour
 b - a +0 robe (worn)
 c - a +0 cloak (worn)
 u - a +0 leather armour
Jewellery
 s - a +2 ring of intelligence (left hand)
Scrolls
 g - 3 scrolls of remove curse {unknown}
 k - 10 scrolls of identify {unknown}
 l - a scroll of random uselessness {unknown}
 m - a scroll of immolation {unknown}
 n - a scroll of enchant armour {unknown}
 o - 3 scrolls of fog {unknown}
 p - a scroll of amnesia {unknown}
 q - a scroll of teleportation {unknown}
 r - a scroll of enchant weapon {unknown}
 t - 2 scrolls of magic mapping
Potions
 h - 2 potions of cancellation {unknown}
 i - 2 potions of curing {unknown}
 j - 2 potions of haste {unknown}
Comestibles
 f - 8 rations


   Skills:
 + Level 3.4(2.7) Fighting
 - Level 2.0(1.3) Short Blades
 - Level 2.0(1.3) Throwing
 + Level 4.4(3.6) Dodging
 - Level 4.8(4.1) Stealth
 + Level 4.5(3.8) Spellcasting


You had 14 spell levels left.
You didn't know any spells.
Your spell library was empty.

Dungeon Overview and Level Annotations

Branches:
Dungeon (5/15)
 Temple: D:4-7

Altars:


Message History

There is a stone staircase leading up here.
Done exploring.
There is a stone staircase leading down here.
You climb downwards.
The wight closely misses you. The wight completely misses you.
There is a stone staircase leading up here.
The wight hits you with a +0 battleaxe!
You feel drained.
The wight hits you with a cursed +2 flail!
* * * LOW HITPOINT WARNING * * *
You feel drained.
* * * LOW HITPOINT WARNING * * *
The wight closely misses you.
You hear an angry hiss.
You climb upwards.
There is a stone staircase leading down here.
Okay, then.
As you read the scroll labeled RUITSU HALIPHITT, it crumbles to dust.
You feel momentarily disoriented.
It was a scroll of magic mapping.
The wight hits you with a +0 battleaxe!
You die...

..###.......#.##.#
#.#.........
.........####..#.#
#.##########
...#####.# #..#.#
#.########## ...# #.#
#..#.# #...........
...# #.#
#....############....
...# #.#
#.......[.....# #....
...# #.#
###..########.# #....
..## #.######zz# #.#
#.... ### #.......z@#
#.# ##### ###########
#.# ####.#######
#...<(......
####.####### #.# #.#
#.# #.#


You could see 3 wights.

Vanquished Creatures
  An ogre (D:4)
  An orc wizard (D:4)
  10 adders
  2 oozes
  4 dart slugs
  4 leopard geckos
  11 orcs
  10 bats
  4 giant cockroaches
  9 goblins
  9 hobgoblins
  7 jackals
  A quokka (D:3)
  2 ball pythons
  8 frilled lizards
  3 kobolds
  8 rats
94 creatures vanquished.

Notes
Turn   | Place    | Note
-------+----------+-------------------------------------------
     0 | D:1      | Arixos the Deep Elf Assassin began the quest for the Orb.
     0 | D:1      | Reached XP level 1. HP: 12/12 MP: 3/3
    98 | D:1      | Reached skill level 1 in Spellcasting
   106 | D:1      | Reached XP level 2. HP: 17/17 MP: 5/5
   709 | D:1      | Reached XP level 3. HP: 21/21 MP: 7/7
  1529 | D:2      | Reached XP level 4. HP: 27/27 MP: 9/9
  3284 | D:3      | Reached XP level 5. HP: 31/31 MP: 12/12
  4524 | D:4      | Noticed an ogre
  5150 | D:4      | Noticed an ogre
  5339 | D:4      | Killed an ogre
  5339 | D:4      | Reached XP level 6. HP: 26/37 MP: 12/14
  6049 | D:5      | Entered Level 5 of the Dungeon
  6173 | D:5      | Noticed a steam dragon
  6793 | D:4      | Slain by a wight

Levels and vault maps discovered:
D:1:      lemuel_arrival_muddy, layout_basic
D:2:      layout_basic, kennysheep_generic_room_14
D:3:      layout_loops_ring
D:4:      layout_basic
D:5:      kennysheep_steamy, layout_loops_ring, first_ration

Skill      XL: |  1  2  3  4  5 |
---------------+----------------+-----
Spellcasting   | 1 2 3 4 |  4.5
Fighting       | 2 3 |  3.4
Dodging        | 2 3 4 |  4.4
Short Blades   | |  2.0
Throwing       | |  2.0
Stealth        | |  4.8

Action                   |  1- 3 |  4- 6 || total
-------------------------+-------+-------++-------
Melee: Dagger            |   122 |   288 ||   410
Throw: Dart              |       |    14 ||    14
  Use: Scroll            |       |     1 ||     1
 Stab: Sleeping          |    13 |    10 ||    23
  Eat: Chunk             |     2 |    10 ||    12
       Ration            |       |     2 ||     2
Armor: Robe              |    23 |    35 ||    58
Dodge: Dodged            |    77 |   159 ||   236
